 Dungeon Crawl Stone Soup version 0.31-a0-187-gba352fbbf7 (webtiles) character file.

Game seed: 3540935613844717718

431 qw the Skirmisher (level 6, -1/35 HPs)
             Began as a Deep Elf Hunter on June 22, 2023.
             Shot with an arrow by a centaur (11 damage)
             ... on level 7 of the Dungeon.
             The game lasted 00:00:57 (2214 turns).

qw the Skirmisher (Deep Elf Hunter)                 Turns: 2214, Time: 00:00:57

Health: -1/35      AC:  6    Str: 10    XL:     6   Next: 67%
Magic:  8/8        EV: 13    Int: 14    God:
Gold:   153        SH:  0    Dex: 18    Spells: 5/5 levels left

rFire   . . .        Y - +0 shortbow
rCold   . . .        (shield currently unavailable)
rNeg    . . .        c - +0 leather armour
rPois   .            g - +0 helmet
rElec   .            (no cloak)
rCorr   .            e - +1 pair of gloves
SInv    .            (no boots)
Will    .....        (no amulet)
Stlth   ++           (no ring)
HPRegen 0.25/turn    (no ring)
MPRegen 0.11/turn

%: no passive effects
@: no status effects
A: no striking features
a: no special abilities


You were on level 7 of the Dungeon.
You visited 1 branch of the dungeon, and saw 5 of its levels.

You collected 153 gold pieces.


   Skills:
 - Level 2.0 Fighting
 - Level 10.0 Ranged Weapons
 + Level 3.5 Dodging
 - Level 1.2 Stealth


You had 5 spell levels left.
You didn't know any spells.
Your spell library was empty.

Inventory:

Hand Weapons
 Y - a +0 shortbow (weapon)
Armour
 c - a +0 leather armour (worn)
 e - a +1 pair of gloves (worn)
 g - a +0 helmet (worn)
Scrolls
 a - 2 scrolls of identify
Potions
 b - 2 potions of haste
 f - 2 potions of curing
 h - a potion of heal wounds

Dungeon Overview and Level Annotations

Branches:
Dungeon (4/15)
 Temple: D:4-7

Altars:
Ashenzari
Kikubaaqudgha
Qazlal
Xom
Yredelemnul

Annotations:
D:3 3 runed translucent doors, qw's ghost, amateur DEHu


Message History

You shoot an arrow. The arrow completely misses the orc.
You shoot an arrow. The arrow barely misses the orc.
You shoot an arrow.
The arrow hits the orc but does no damage.
You shoot an arrow. The arrow hits the orc.
The orc is lightly wounded.
You shoot an arrow. The arrow closely misses the orc.
The orc hits you but does no damage.
You shoot an arrow.
The arrow hits the orc but does no damage.
The orc is lightly wounded.
The orc hits you but does no damage.
You shoot an arrow. The arrow hits the orc!
You kill the orc!
b - 2 potions of haste (gained 1)
a - 2 scrolls of identify (gained 1)
Found a stone staircase leading down.
Enter note: A centaur comes into view.
The centaur shouts!
The centaur wields a +0 shortbow.
The centaur shoots an arrow.
The arrow hits you.
You shoot an arrow. The arrow hits the centaur.
The centaur is lightly wounded.
The centaur shoots an arrow.
The arrow hits you.
You hear a shout!
You shoot an arrow.
The arrow hits the centaur but does no damage.
The centaur is lightly wounded.
The centaur shoots an arrow.
The arrow hits you but does no damage.
You shoot an arrow. The arrow hits the centaur.
The centaur is lightly wounded.
The centaur shoots an arrow.
The arrow hits you!
An ufetubus comes into view.
You shoot an arrow. The arrow barely misses the centaur.
The centaur shoots an arrow.
The arrow hits you!
You shoot an arrow. The arrow barely misses the centaur.
A scorpion comes into view.
The centaur shoots an arrow.
The arrow hits you!
You die...

....... ......s
....c.. .......
....5.. .......
####....... #.
######..@....... #.
#......##....... #.#
##.####....###...
#..###.......##.# .
##.......####.......
#...###.......#.##..
###.#.#....###....#
. .......>..## ####
#..##.##.##


You could see a centaur, a scorpion (wandering) and an ufetubus.

Vanquished Creatures
  Sigmund (D:3)
  A scorpion (D:4)
  A hound (D:4)
  Jessica (D:2)
  Natasha (D:3)
  A hound zombie (D:3)
  4 adders
  A worm (D:2)
  3 dart slugs
  8 orcs
  4 ball pythons
  4 endoplasms
  3 giant cockroaches
  5 goblins
  4 hobgoblins
  11 jackals
  A quokka (D:1)
  A ball python zombie (D:3)
  4 bats
  3 frilled lizards
  2 kobolds
  8 rats
72 creatures vanquished.

Notes
Turn   | Place    | Note
-------+----------+-------------------------------------------
     0 | D:1      | qw the Deep Elf Hunter began the quest for the Orb.
     0 | D:1      | Reached XP level 1. HP: 12/12 MP: 3/3
     0 | D:1      | 0 ||| qw: Version: 0.3-a-9-g12657ce
     0 | D:1      | 0 ||| qw: Game counter: 2208
     0 | D:1      | 0 ||| qw: Always use a shield: true
     0 | D:1      | 0 ||| qw: God list: Okawaru
     0 | D:1      | 0 ||| qw: Allow faded altars: false
     0 | D:1      | 0 ||| qw: Do Orc after D:15 true
     0 | D:1      | 0 ||| qw: Do second Lair branch before Depths: true
     0 | D:1      | 0 ||| qw: Lair rune preference: random
     0 | D:1      | 0 ||| qw: Plans: Normal
     0 | D:1      | 0 ||| PLANNING D:1-11
    75 | D:1      | Reached XP level 2. HP: 16/16 MP: 4/4
    94 | D:1      | Reached skill level 6 in Ranged Weapons
   182 | D:1      | Found a faded altar of an unknown god.
   545 | D:1      | 545 ||| UPGRADING to +0 pair of gloves.
   550 | D:1      | 550 ||| UPGRADING to +0 helmet.
   555 | D:1      | 555 ||| READING 2 scrolls labelled NOSIF DAOMOI.
   556 | D:1      | 556 ||| READING scroll labelled ETTOJI FASUSA.
   557 | D:1      | 557 ||| READING scroll labelled NURYTO LEFOTUXT.
   561 | D:1      | 561 ||| DRINKING 3 golden potions.
   562 | D:1      | 562 ||| DROPPING scroll of butterflies.
   629 | D:2      | HP: 4/16 [poisoned by an adder]
   630 | D:2      | Reached XP level 3. HP: 5/20 MP: 5/5
   737 | D:2      | Reached skill level 7 in Ranged Weapons
   755 | D:2      | Noticed Jessica
   758 | D:2      | Killed Jessica
   759 | D:2      | Reached XP level 4. HP: 25/25 MP: 6/6
  1115 | D:2      | 1115 ||| READING scroll of enchant armour.
  1115 | D:2      | 1115 ||| ENCHANTING +0 pair of gloves.
  1170 | D:2      | 1170 ||| READING scroll labelled YBOCZO NARGHECU.
  1171 | D:2      | 1171 ||| READING 2 scrolls labelled VOBEOS CEUNEKK.
  1172 | D:2      | 1172 ||| READING scroll labelled ZOTHRE OWAME.
  1173 | D:2      | 1173 ||| READING 3 scrolls of identify.
  1173 | D:2      | 1173 ||| IDENTIFYING purple potion
  1174 | D:2      | 1174 ||| DROPPING scroll of vulnerability.
  1374 | D:3      | Reached skill level 8 in Ranged Weapons
  1380 | D:3      | Noticed Sigmund
  1386 | D:3      | Killed Sigmund
  1387 | D:3      | Reached skill level 9 in Ranged Weapons
  1387 | D:3      | Reached XP level 5. HP: 19/29 MP: 7/7
  1441 | D:3      | Found a runed translucent gate.
  1441 | D:3      | Found a runed translucent gate.
  1441 | D:3      | Found a runed translucent gate.
  1441 | D:3      | Noticed qw's ghost (amateur DEHu)
  1444 | D:3      | Found a basalt altar of Yredelemnul.
  1451 | D:3      | Reached XP level 6. HP: 34/34 MP: 8/8
  1535 | D:3      | Found an ancient bone altar of Kikubaaqudgha.
  1542 | D:3      | Found a broken altar of Ashenzari.
  1544 | D:3      | Found a stormy altar of Qazlal.
  1546 | D:3      | Found a shimmering altar of Xom.
  1772 | D:3      | Noticed Natasha
  1779 | D:3      | Killed Natasha
  1780 | D:3      | Reached skill level 3 in Dodging
  1958 | D:3      | 1958 ||| READING scroll labelled ZUECIASUUG.
  1959 | D:3      | 1959 ||| READING scroll labelled SYBUUN TILOJAGAU.
  1960 | D:3      | 1960 ||| READING 3 scrolls of identify.
  1960 | D:3      | 1960 ||| IDENTIFYING smoky puce potion
  1961 | D:3      | 1961 ||| READING 2 scrolls of identify.
  1961 | D:3      | 1961 ||| IDENTIFYING viscous coppery potion
  1962 | D:3      | 1962 ||| DROPPING potion of invisibility.
  2057 | D:4      | Reached skill level 10 in Ranged Weapons
  2126 | D:4      | You fall into a shaft and drop 3 floors!
  2214 | D:7      | Shot with an arrow by a centaur

Levels and vault maps discovered:
D:1:      minmay_arrival_floating_metal, layout_rooms,
          shapermc_ecumenical_altar_totnotflames
D:2:      layout_basic, uniq_jessica
D:3:      layout_loops_ring, nicolae_yredelemnul_ghost_church,
          grunt_temple_overflow_open, uniq_natasha, uniq_sigmund
D:4:      layout_cave_pools, ebering_ghost_gozag
D:7:      layout_rooms, nicolae_uskayaw_dance_studio,
          nzn_hepliaklqana_mist_gate, serial_shops, shop, centaur_isle

Skill      XL: |  1  2  3  4  5  6 |
---------------+-------------------+-----
Ranged Weapons | 6 7 9 10 | 10.0
Dodging        | 3 |  3.5
Fighting       | 2 |  2.0
Stealth        | |  1.2

Action                     |  1- 3 |  4- 6 || total
---------------------------+-------+-------++-------
   Fire: Shortbow          |    63 |   147 ||   210
    Use: Scroll            |     3 |     9 ||    12
         Potion            |     1 |       ||     1
 Armour: Leather armour    |     6 |    29 ||    35
  Dodge: Dodged            |     8 |    47 ||    55

Table legend:
 A = Non-vault XP
 B = Vault XP
 C = Vault XP percentage of total XP
 D = Non-vault monster count
 E = Vault monster count
 F = Vault count percentage of total count
                 A         B        C        D         E       F
            +---------+---------+-------+---------+---------+-------
      Total |     298 |     319 |  51.7 |      67 |       5 |   6.9
            +---------+---------+-------+---------+---------+-------
        D:1 |      28 |       0 |   0.0 |      16 |       0 |   0.0
        D:2 |      72 |      37 |  33.9 |      18 |       1 |   5.3
        D:3 |      33 |     282 |  89.5 |      20 |       4 |  16.7
        D:4 |     162 |       0 |   0.0 |      12 |       0 |   0.0
        D:7 |       3 |       0 |   0.0 |       1 |       0 |   0.0
            +---------+---------+-------+---------+---------+-------
